 Dungeon Crawl Stone Soup version 0.14.0-6-g1bc2dff (webtiles) character file.

118264 EvilAshe the Spry (level 16, -4/97 HPs)
             Began as a Tengu Fire Elementalist on Apr 11, 2014.
             Was the Champion of Vehumet.
             Shot with a bolt by a minotaur (47 damage)
             ... on Level 1 of the Depths on Apr 12, 2014.
             The game lasted 04:11:05 (44395 turns).

EvilAshe the Spry (Tengu Fire Elementalist)        Turns: 44395, Time: 04:11:05

HP  -4/97        AC  9     Str 11      XL: 16   Next: 68%
MP  38/38        EV 28     Int 26      God: Vehumet [******]
Gold 3007        SH  0     Dex 17      Spells: 10 memorised,  1 level left

rFire  . . .     SeeInvis .     H - staff of conjuration
rCold  . . .     Clarity  .     M - +2 robe {Archmagi}
rNeg   . . .     Conserve .     (no shield)
rPois  .         rCorr    .     N - +0 hat
rElec  .         rRot     .     z - +0 cloak
SustAb . .       Spirit   .     b - +2 pair of gloves {Str+3}
rMut   .         Warding  .     (boots unavailable)
Gourm  +         Stasis   .     x - amulet of Myfafi {Gourm +Blink Dex+2 Stlth}
MR     ++...                    r - +3 ring of intelligence
                                F - ring of protection from magic

@: flying, drained, quick, very resistant to hostile enchantments, stealthy
A: able to fly continuously, beak, talons 3, molten scales 1
a: Stop Flying, Renounce Religion, Evoke Blink


You were on level 1 of the Depths.
You worshipped Vehumet.
Vehumet was exalted by your worship.
You were very full.

You visited 5 branches of the dungeon, and saw 29 of its levels.
You also visited: Bailey.

You collected 3301 gold pieces.
You spent 294 gold pieces at shops.

Inventory:

Hand weapons
 s - a +1,+3 war axe of chopping
Armour
 b - a +2 pair of gloves of strength (worn)
 z - a +0 cloak (worn)
 M - a +2 robe of the Archmagi (worn)
 N - a +0 hat (worn)
Magical devices
 l - a wand of teleportation (3)
 q - a wand of confusion (6)
 u - a wand of confusion (8)
 A - a wand of enslavement (20)
 J - a wand of digging (8)
 O - a wand of cold (4)
 Z - a wand of teleportation (6)
Comestibles
 a - 2 chokos
 c - 20 sultanas
 v - 6 apples
 w - 4 pears
 D - 3 grapes
 S - a bread ration
 T - an orange
 X - 17 strawberries
Scrolls
 f - 6 scrolls of teleportation
 g - 2 scrolls of summoning
 j - a scroll of fog
 n - 3 scrolls of identify
 o - 2 scrolls of fear
 B - a scroll of magic mapping
 L - 4 scrolls of remove curse
 U - 2 scrolls of blinking
Jewellery
 r - a +3 ring of intelligence (right hand)
 x - the amulet of Myfafi (around neck) {Gourm +Blink Dex+2 Stlth}
   (You found it on level 4 of the Dungeon)

   [amulet of the gourmand]

   It affects your dexterity (+2).
   It lets you blink.
   It makes you more stealthy.
 E - an uncursed ring of protection from fire
 F - a ring of protection from magic (left hand)
 R - an uncursed ring of wizardry
Potions
 d - 2 potions of agility
 e - 2 potions of magic
 h - 7 potions of heal wounds
 i - a potion of blood
 k - 5 potions of curing
 m - 2 potions of invisibility
 t - 2 potions of brilliance
 K - a potion of porridge
 P - 2 potions of haste
 Q - a potion of poison {unknown}
Magical staves
 H - an uncursed staff of conjuration (weapon)


   Skills:
 - Level 10.0(9.6) Fighting
 - Level 1.4(1.1) Armour
 - Level 15.0(14.6) Dodging
 - Level 2.0(1.7) Stealth
 + Level 14.8(14.4) Spellcasting
 - Level 14.2(13.8) Conjurations
 * Level 8.0(7.6) Charms
 - Level 10.0(9.6) Fire Magic
 - Level 5.0(4.7) Air Magic
 - Level 4.0(3.7) Poison Magic


You had one spell level left.
You knew the following spells:

 Your Spells              Type           Power        Failure   Level  Hunger
a - Flame Tongue          Conj/Fire      #####        1%          1    None
c - Conjure Flame         Conj/Fire      ########     1%          3    None
d - Orb of Destruction    Conj           ########..   3%          7    ######.
f - Fireball              Conj/Fire      ########..   1%          5    None
h - Haste                 Chrm           ######..     21%         6    ####...
i - Iskenderun's Mystic   Conj           ########     1%          4    None
l - Lightning Bolt        Conj/Air       ########..   1%          5    None
p - Poisonous Cloud       Conj/Pois/Air  #######...   5%          6    ####...
q - Delayed Fireball      Conj/Fire      N/A          7%          7    ######.
s - Sticky Flame          Conj/Fire      ########     1%          4    None


Dungeon Overview and Level Annotations

Branches:
Dungeon (15/15)            Temple (1/1) D:5             Orc (4/4) D:11
    Elf (0/3) Orc:3          Lair (8/8) D:10         Shoals (0/5) Lair:4
  Snake (0/5) Lair:3        Slime (0/6) Lair:8       Vaults (0/5) D:13
 Depths (1/5) D:15

Altars:
Ashenzari
Cheibriados
Dithmenos
Elyvilon
Fedhas
Kikubaaqudgha
Makhleb
Nemelex Xobeh
Okawaru
Sif Muna
Trog
Vehumet
Xom
Yredelemnul
Zin
The Shining One
Jiyva

Shops:
D:9 %   D:15 *   Orc:4 ((%}

Portals:
Hell: Depths:1
Ziggurat: Depths:1
Trove: D:15 (show slimy rune of Zot)

Annotations:
D:9 exclusion: deep elf mage
Lair:4 exclusion: oklob plant


Innate Abilities, Weirdness & Mutations

You can fly continuously.
You have a beak for a mouth.
You have claws for feet.
You are partially covered in molten scales (AC +1).


Message History

There is a staircase to the Depths here.
You fly downwards.
Welcome to the Depths!
There is a staircase back to the Dungeon here.
You see here a bolt.
i - a potion of blood You see here a robe.
There is a staircase back to the Dungeon here.
You see here a bolt.
You see here a large rock.
You see here a large rock.
You see here a large rock.
You see here a giant club.
The minotaur closely misses you. The minotaur gores you!
The minotaur unwields an uncursed dire flail.
The minotaur wields a glowing crossbow.
The minotaur shoots a bolt.
The bolt hits you!
You see here a bolt.
The minotaur shoots a bolt.
The bolt hits you!
The minotaur shoots a bolt.
The bolt hits you!
You die...

#....###..))#######(...# .#####
#....# #....########## .# ##....#
#.............. .# #.....#
############### .#### #.^...#
....###.)...# ############
............# #######...........
....####....####........##.......
................@......#..#......
....####.#######....(.H#.........
........................#########
................................
#####....#########.####..###...
#.'.#............... .....
#'#.#..............## ######
#.#.#'#.............
'.#.'.'.##########.#


You could see a minotaur.

Vanquished Creatures
  A fire giant (Depths:1)
  An emperor scorpion (Depths:1)
  Gastronok (Orc:4)
  A stone giant (Depths:1)
  A vampire knight (Depths:1)
  2 ettins (Depths:1)
  A great orb of eyes (Depths:1)
  8 vault guards (D:13)
  2 yaktaur captains
  Harold (Lair:1)
  2 ogre magi
  3 hydras
  15 death yaks
  A deep troll shaman (Lair:8)
  A vampire mage (Depths:1)
  2 tengu warriors
  2 centaur warriors (D:15)
  5 orc high priests
  A catoblepas (Lair:8)
  A hell knight (Depths:1)
  4 very ugly things (Depths:1)
  An unseen horror (D:13)
  A deep elf summoner (Depths:1)
  Erolcha (Orc:4)
  A giant orange brain (shapeshifter) (Depths:1)
  Pikel (D:9)
  A wizard (D:15)
  A necromancer (Lair:8)
  A lindwurm (Lair:8)
  3 orc knights
  6 hill giants
  An ice devil (Orc:4)
  Joseph (Orc:4)
  3 orc sorcerers (Orc:4)
  A wolf spider (D:15)
  2 phantasmal warriors (Depths:1)
  4 cyclopes
  18 elephants
  2 griffons
  2 gargoyles
  11 spiny frogs
  4 black mambas
  3 yaktaurs (Depths:1)
  5 wyverns
  4 fire drakes
  7 komodo dragons
  2 efreet
  An iron devil (Depths:1)
  2 tengu conjurers
  3 boggarts (Depths:1)
  4 freezing wraiths
  A merfolk (Lair:4)
  5 trolls
  A polar bear (Lair:8)
  Prince Ribbit (D:9)
  5 two-headed ogres
  5 ravens
  7 basilisks
  17 blink frogs
  4 slime creatures (D:15)
  2 griffon zombies
  A grizzly bear (Lair:6)
  A brown ooze (shapeshifter) (D:15)
  A vampire (D:14)
  A trapdoor spider (D:14)
  A water elemental (Depths:1)
  20 ugly things
  37 yaks
  2 shadows (D:15)
  An elephant slug (Lair:7)
  A deep elf mage (D:10)
  5 sharks
  10 hippogriffs
  Grum (D:10)
  6 wargs
  2 hungry ghosts
  A wraith (D:13)
  18 wolves
  2 vampire mosquitoes (D:15)
  Duvessa (D:9)
  A human zombie (D:15)
  An ogre zombie (D:14)
  A neqoxec (Orc:4)
  A necrophage (D:10)
  10 porcupines
  3 nagas (Lair:3)
  A tengu skeleton (D:11)
  12 water moccasins
  2 black bears
  33 orc warriors
  4 phantoms
  4 ice beasts
  6 sky beasts
  A slave (D:9)
  34 ogres
  9 centaurs
  2 manticore skeletons
  A big kobold (D:14)
  12 crocodiles
  9 giant slugs
  12 giant frogs
  2 brain worms
  A wyvern zombie (D:11)
  9 scorpions
  An eye of draining (D:12)
  11 killer bees
  11 hounds
  16 wights
  An electric eel (D:15)
  Dowan (D:9)
  A goliath beetle (D:13)
  A giant frog zombie (D:9)
  6 jellies
  2 centaur zombies
  An elf zombie (D:9)
  Crazy Yiuf (D:5)
  A big fish (Lair:4)
  12 iguanas
  8 worker ants
  A gnoll shaman (D:9)
  40 orc priests
  11 iron imps (Depths:1)
  40 orc wizards
  35 sheep
  2 polar bear simulacra (Lair:8)
  5 wolf simulacra (Lair:8)
  3 yak simulacra (Lair:8)
  A big kobold zombie (D:8)
  Jessica (D:2)
  A mummy (D:7)
  8 gnolls
  2 shadow imps
  3 giant mites
  31 adders
  68 green rats
  An inept feature mimic (D:10)
  9 worms
  An iguana zombie (D:7)
  2 orc zombies
  8 giant eyeballs
  11 giant geckos
  209 orcs
  2 ball pythons
  24 hobgoblins
  21 jackals
  24 bats
  4 giant cockroaches
  8 giant newts
  A giant newt skeleton (D:4)
  A giant spore (D:10)
  25 goblins
  A green rat simulacrum (Lair:8)
  11 kobolds
  A kobold skeleton (D:8)
  12 quokkas
  A quokka skeleton (D:5)
  26 rats
  6 ballistomycetes
  4 bushes
  A fungus (Lair:1)
  3 plants (Lair:8)
1227 creatures vanquished.

Vanquished Creatures (others)
  A hippogriff (D:10)
  A water moccasin (Lair:8)
  3 slaves (D:9)
  A green rat (Lair:5)
  An orc (D:9)
  A giant spore (D:11)
  A bush (Lair:8)
  20 fungi
  14 plants
43 creatures vanquished.

Grand Total: 1270 creatures vanquished

Notes
Turn   | Place    | Note
--------------------------------------------------------------
     0 | D:1      | EvilAshe, the Tengu Fire Elementalist, began the quest for the Orb.
     0 | D:1      | Reached XP level 1. HP: 10/10 MP: 3/3
   504 | D:1      | Reached XP level 2. HP: 15/15 MP: 3/5
  1467 | D:2      | Reached XP level 3. HP: 16/19 MP: 2/7
  1561 | D:2      | Learned a level 3 spell: Conjure Flame
  2033 | D:2      | Reached XP level 4. HP: 17/24 MP: 0/10
  2360 | D:2      | Noticed Jessica
  2406 | D:2      | Killed Jessica
  2406 | D:2      | Reached skill level 4 in Conjurations
  2900 | D:2      | Learned a level 4 spell: Sticky Flame
  3291 | D:3      | Reached XP level 5. HP: 25/28 MP: 3/13
  3796 | D:3      | Reached skill level 5 in Conjurations
  4679 | D:4      | Reached XP level 6. HP: 29/32 MP: 9/15
  4700 | D:4      | Paralysed by a giant eyeball for 2 turns
  4913 | D:4      | Reached skill level 6 in Conjurations
  5352 | D:4      | Noticed an ogre
  5363 | D:4      | Killed an ogre
  5363 | D:4      | Reached skill level 5 in Fire Magic
  5363 | D:4      | Reached XP level 7. HP: 36/36 MP: 6/17
  5463 | D:4      | Reached skill level 7 in Conjurations
  5505 | D:3      | Learned a level 5 spell: Fireball
  5688 | D:4      | Got a heavily runed diamond amulet
  5746 | D:4      | Noticed an ogre
  5758 | D:4      | Killed an ogre
  5972 | D:4      | Found a bloodstained altar of Trog.
  6066 | D:5      | Entered Level 5 of the Dungeon
  6175 | D:5      | Found a staircase to the Ecumenical Temple.
  6185 | Temple   | Entered the Ecumenical Temple
  6225 | Temple   | Became a worshipper of Vehumet
  6265 | Temple   | Identified the amulet of Myfafi {Gourm +Blink Dex+2 Stlth} (You found it on level 4 of the Dungeon)
  6365 | D:5      | Noticed Crazy Yiuf
  6371 | D:5      | Killed Crazy Yiuf
  6371 | D:5      | Reached skill level 8 in Conjurations
  6432 | D:5      | Reached XP level 8. HP: 14/41 MP: 12/19
  7095 | D:5      | Reached skill level 9 in Conjurations
  7696 | D:6      | Reached skill level 10 in Conjurations
  7883 | D:6      | Acquired Vehumet's first power
  7883 | D:6      | Offered knowledge of Magic Dart by Vehumet.
  7982 | D:6      | Reached XP level 9. HP: 45/45 MP: 10/21
  8682 | D:7      | Reached skill level 5 in Spellcasting
 10250 | D:8      | Reached skill level 10 in Fire Magic
 10814 | D:8      | Reached skill level 1 in Fighting
 10814 | D:8      | Reached skill level 1 in Armour
 10819 | D:8      | Offered knowledge of Searing Ray by Vehumet.
 10888 | D:8      | Reached XP level 10. HP: 43/52 MP: 17/25
 10962 | D:8      | Gained mutation: You are partially covered in molten scales (AC +1). [potion of beneficial mutation]
 11392 | D:9      | Noticed Prince Ribbit
 11404 | D:9      | Killed Prince Ribbit
 11511 | D:9      | Found Sousacu's Food Shop.
 11659 | D:9      | Found a snail-covered altar of Cheibriados.
 12358 | D:9      | Noticed Pikel
 12370 | D:9      | Killed Pikel
 12874 | D:9      | Noticed Duvessa
 12891 | D:9      | Killed Duvessa
 12927 | D:9      | Noticed Dowan
 12930 | D:9      | Killed Dowan
 12930 | D:9      | Reached skill level 5 in Dodging
 13667 | D:10     | Entered Level 10 of the Dungeon
 13851 | D:10     | Reached skill level 5 in Fighting
 14024 | D:10     | Reached XP level 11. HP: 64/64 MP: 21/29
 14087 | D:10     | Offered knowledge of Stone Arrow by Vehumet.
 14256 | D:10     | Noticed Grum
 14261 | D:10     | Killed Grum
 14751 | D:10     | Found a staircase to the Lair.
 14964 | D:10     | Acquired Vehumet's second power
 15274 | D:10     | Offered knowledge of Dazzling Spray by Vehumet.
 15551 | Lair:1   | Entered Level 1 of the Lair of Beasts
 15907 | Lair:1   | Noticed Harold
 16278 | Lair:1   | Acquired Vehumet's third power
 16319 | Lair:1   | Noticed a seven-headed hydra
 16322 | Lair:1   | Killed a seven-headed hydra
 16322 | Lair:1   | Offered knowledge of Static Discharge by Vehumet.
 17055 | Lair:1   | Got a dull robe
 17483 | Lair:2   | Reached XP level 12. HP: 71/73 MP: 18/31
 18647 | Lair:2   | Reached skill level 10 in Spellcasting
 19262 | Lair:2   | Identified the +1 robe of Taxty {Str+5} (You found it on level 1 of the Lair of Beasts)
 19314 | Lair:3   | Offered knowledge of Delayed Fireball by Vehumet.
 19362 | Lair:3   | Learned a level 7 spell: Delayed Fireball
 19405 | Lair:3   | Found a staircase to the Snake Pit.
 19824 | Lair:3   | Noticed an eight-headed hydra
 19826 | Lair:3   | Killed an eight-headed hydra
 20143 | Lair:3   | Reached skill level 10 in Dodging
 21405 | Lair:4   | Got a bronze leather armour
 21407 | Lair:4   | Identified the +0 leather armour of Hadjma {rF+ Acc-4 SInv} (You found it on level 4 of the Lair of Beasts)
 21879 | Lair:4   | Found a staircase to the Shoals.
 22344 | Lair:5   | Reached skill level 11 in Spellcasting
 22490 | Lair:5   | Offered knowledge of Lightning Bolt by Vehumet.
 22497 | Lair:5   | Learned a level 5 spell: Lightning Bolt
 22542 | Lair:5   | Reached XP level 13. HP: 60/80 MP: 15/33
 22554 | Lair:5   | Reached skill level 1 in Air Magic
 23005 | Lair:5   | Reached skill level 10 in Fighting
 23507 | Lair:5   | Identified a scroll of acquirement
 23519 | Lair:5   | Identified Regozop's Almanac of Frigorific Evil (You found it on level 5 of the Lair of Beasts)
 25356 | Lair:7   | Reached skill level 12 in Dodging
 25931 | Lair:1   | Offered knowledge of Orb of Destruction by Vehumet.
 25940 | Lair:1   | Learned a level 7 spell: Orb of Destruction
 26598 | Lair:8   | Entered Level 8 of the Lair of Beasts
 27535 | Lair:8   | Reached XP level 14. HP: 72/88 MP: 4/35
 27742 | Lair:8   | Reached skill level 13 in Dodging
 28016 | Lair:8   | Found a staircase to the Slime Pits.
 28238 | Lair:8   | Offered knowledge of Bolt of Magma by Vehumet.
 29729 | D:11     | Paralysed by a giant eyeball for 2 turns
 29877 | D:11     | Reached skill level 14 in Dodging
 30403 | D:11     | Found a staircase to the Orcish Mines.
 30714 | Orc:1    | Entered Level 1 of the Orcish Mines
 31447 | Orc:4    | Entered Level 4 of the Orcish Mines
 31635 | Orc:3    | Found a staircase to the Elven Halls.
 31673 | Orc:3    | Found a radiant altar of Vehumet.
 32166 | Orc:2    | Offered knowledge of Poison Arrow by Vehumet.
 32631 | Orc:1    | Reached XP level 15. HP: 82/92 MP: 8/36
 33285 | Orc:4    | Noticed Gastronok
 33292 | Orc:4    | Killed Gastronok
 33559 | Orc:4    | Noticed Joseph
 33572 | Orc:4    | Killed Joseph
 33717 | Orc:4    | Noticed Erolcha
 33719 | Orc:4    | Killed Erolcha
 34028 | Orc:4    | Offered knowledge of Bolt of Fire by Vehumet.
 35154 | Orc:4    | Found Nenas' Weapon Shoppe.
 35154 | Orc:4    | Found Bryt's Gadget Emporium.
 35155 | Orc:4    | Found Staocuts' Food Emporium.
 35158 | Orc:4    | Found Cren's Antique Weapon Shoppe.
 35240 | Orc:4    | Bought a wand of teleportation (3) for 294 gold pieces
 35620 | Lair:1   | Learned a level 6 spell: Haste
 36063 | Lair:1   | Killed Harold
 36381 | D:12     | Reached skill level 1 in Charms
 36964 | D:12     | Reached skill level 15 in Dodging
 37484 | D:13     | Found a gate to the Vaults.
 38128 | D:13     | Offered knowledge of Poisonous Cloud by Vehumet.
 38137 | D:13     | Learned a level 6 spell: Poisonous Cloud
 38321 | D:14     | Found a flagged portal.
 38339 | Bailey   | Entered a bailey
 38933 | D:14     | Reached skill level 1 in Poison Magic
 39795 | D:14     | Found a viscous altar of Jiyva.
 39840 | D:14     | Reached skill level 5 in Air Magic
 39989 | D:15     | Entered Level 15 of the Dungeon
 40344 | D:15     | Reached XP level 16. HP: 97/97 MP: 19/37
 40742 | D:15     | Found Apnaraa's General Store.
 40915 | D:15     | Found a portal to a secret trove of treasure.
 40949 | D:15     | Offered knowledge of Fire Storm by Vehumet.
 40949 | D:15     | Offered knowledge of Shatter by Vehumet.
 40949 | D:15     | Offered knowledge of Chain Lightning by Vehumet.
 41113 | D:15     | Reached skill level 5 in Charms
 41128 | D:15     | Learned a level 4 spell: Iskenderun's Mystic Blast
 41576 | D:15     | Found a staircase to the Depths.
 41582 | Depths:1 | Entered Level 1 of the Depths
 42582 | Depths:1 | Found a gateway to a ziggurat.
 43447 | Depths:1 | Found a gateway to Hell.
 44395 | Depths:1 | Shot with a bolt by a minotaur

Action                   |  1- 3 |  4- 6 |  7- 9 | 10-12 | 13-15 | 16-18 || total
-------------------------+-------+-------+-------+-------+-------+-------++-------
Melee: Dagger            |    19 |     6 |       |       |       |       ||    25
       Unarmed           |     1 |       |       |       |       |       ||     1
       War axe           |       |    15 |    42 |       |       |       ||    57
       Staff             |       |       |    11 |    59 |    97 |    16 ||   183
 Cast: Flame Tongue      |    67 |   148 |   241 |   397 |   601 |    10 ||  1464
       Conjure Flame     |     1 |    14 |    16 |    30 |    24 |     3 ||    88
       Sticky Flame      |       |     1 |    26 |    94 |   151 |    10 ||   282
       Fireball          |       |       |       |    73 |   235 |    71 ||   379
       Lightning Bolt    |       |       |       |     2 |    82 |     5 ||    89
       Delayed Fireball  |       |       |       |     1 |       |       ||     1
       Orb of Destructio |       |       |       |       |     9 |     4 ||    13
       Poisonous Cloud   |       |       |       |       |     5 |    10 ||    15
       Iskenderun's Myst |       |       |       |       |       |    51 ||    51
 Abil: Fly               |       |       |    26 |    53 |    52 |       ||   131
       Evoke Blink       |       |       |       |     1 |     1 |       ||     2
Evoke: Wand              |       |     1 |     2 |    11 |     6 |     1 ||    21
  Use: Scroll            |       |       |     7 |    17 |    13 |     5 ||    42
       Potion            |       |       |       |     2 |     1 |       ||     3
 Stab: Sleeping          |       |     1 |     1 |       |       |       ||     2
       Distracted        |       |     1 |       |       |       |       ||     1
